 Dungeon Crawl Stone Soup version 0.15-a0-2265-gb33f7a6 (webtiles) character file.

158 Herrn the Skirmisher (level 5, 0/28 HPs)
             Began as a Vine Stalker Fighter on July 27, 2014.
             Slain by an orc
             ... wielding a +1 flail of crushing
              (1 damage)
             ... on Level 3 of the Dungeon.
             The game lasted 00:04:50 (1601 turns).

Herrn the Skirmisher (Vine Stalker Fighter)         Turns: 1601, Time: 00:04:50

HP   0/28        AC  6     Str 18      XL: 5   Next: 40%
MP   0/9         EV  6     Int  8      God:
Gold 81          SH 10     Dex 15      Spells:  0 memorised,  7 levels left

rFire  . . .     SeeInvis .     a - +0 war axe
rCold  . . .     Clarity  .     b - +0 scale mail
rNeg   . . .     rCorr    .     c - +1 shield
rPois  .         rRot     +     (no helmet)
rElec  .         Spirit   +     (no cloak)
SustAb .         Warding  .     (no gloves)
rMut   .         Rnd*Tele +     (no boots)
Gourm  .                        (no amulet)
MR     .....                    p - cursed ring of teleportation
                                g - cursed ring of loudness

@: not resistant to hostile enchantments, extremely unstealthy
A: fangs 2, regeneration 1, magic shield, antimagic bite, no device heal 3, rot
immunity
a: Evoke Teleportation


You were on level 3 of the Dungeon.
You were very hungry.

You visited 1 branch of the dungeon, and saw 3 of its levels.

You collected 81 gold pieces.

Inventory:

Hand weapons
 a - a +0 war axe (weapon)
Armour
 b - a +0 scale mail (worn)
 c - a +1 shield (worn)
Magical devices
 e - a wand of slowing (8)
Comestibles
 d - 3 bread rations
 j - a beef jerky
 m - 2 meat rations
Scrolls
 h - a scroll of remove curse {unknown}
 i - a scroll of amnesia
 l - a scroll of identify
 o - a scroll of random uselessness
Jewellery
 g - a cursed ring of loudness (left hand)
 p - a cursed ring of teleportation (right hand)
Potions
 f - 2 potions of magic {unknown}
 k - 2 potions of mutation {unknown}
 q - a potion of degeneration {unknown}


   Skills:
 * Level 3.4 Fighting
 * Level 2.6 Axes
 + Level 2.9 Armour
 + Level 0.5 Dodging
 + Level 3.3 Shields
 * Level 1.6 Spellcasting


You had 7 spell levels left.
You didn't know any spells.

Dungeon Overview and Level Annotations

Branches:
Dungeon (3/15)

Altars:


Innate Abilities, Weirdness & Mutations

You have extremely sharp teeth.
Your natural rate of healing is unusually fast.
When hurt, damage is shared between your health and your magic reserves.
Your bite disrupts and absorbs the magic of your enemies.
Potions and wands cannot restore your health.
You are immune to rotting.


Message History

You hit the orc wizard but do no damage.
You hit the kobold.
The kobold is severely wounded.
The orc wizard points at you and mumbles some strange words.
The puff of frost hits you! The kobold hits you but does no damage.
You block the orc's attack.
The orc wizard gestures at you while chanting.
The puff of frost hits you!
* * * LOW HITPOINT WARNING * * *
You closely miss the orc wizard. You bite the orc wizard.
The orc wizard's magic leaks into the air.
You drain its magic.
You feel invigorated.
The orc wizard is moderately wounded.
Your shield and scale mail prevent you from hitting the kobold.
The kobold is severely wounded.
You block the orc wizard's attack. The kobold hits you.
* * * LOW HITPOINT WARNING * * *
The orc hits you with a glowing flail.
* * * LOW HITPOINT WARNING * * *
You die...

######## ##
#)...... #.!<
####.......
##...## ###
...........
.......##.##
.........).
.....gos...
............
....>.oKo#.#
#.).........
#@#.###...........
#o(..#########.###
##....########.#
##.............#
#...:....#####.#
#....8...# #.# ###
#...8<8..# #.# #..
#....8....## #.#
#.# #.#
#.$......... ..#


You could see an orc wizard, 3 orcs, a giant cockroach, a hobgoblin and a
kobold.

Vanquished Creatures
  Sigmund (D:3)
  3 adders
  2 worms (D:2)
  6 orcs (D:3)
  A ball python (D:3)
  3 giant cockroaches
  3 goblins
  4 hobgoblins
  5 bats
  3 giant newts
  5 kobolds
  7 rats
43 creatures vanquished.

Notes
Turn   | Place    | Note
--------------------------------------------------------------
     0 | D:1      | Herrn, the Vine Stalker Fighter, began the quest for the Orb.
     0 | D:1      | Reached XP level 1. HP: 11/11 MP: 1/1
   189 | D:1      | Reached XP level 2. HP: 16/16 MP: 3/3
   281 | D:1      | Reached skill level 3 in Fighting
   667 | D:2      | Reached XP level 3. HP: 20/20 MP: 4/4
   888 | D:2      | Reached skill level 1 in Spellcasting
  1044 | D:3      | Noticed Sigmund
  1109 | D:3      | Killed Sigmund
  1109 | D:3      | Reached XP level 4. HP: 24/24 MP: 7/7
  1109 | D:3      | Reached XP level 5. HP: 28/28 MP: 9/9
  1601 | D:3      | HP: 1/28 [orc/glowing flail (3)]
  1601 | D:3      | Slain by an orc

Action                   |  1- 3 |  4- 6 || total
-------------------------+-------+-------++-------
Melee: War axe           |    63 |    49 ||   112
  Use: Scroll            |     4 |       ||     4
       Potion            |     1 |       ||     1
  Eat: Chunk             |       |     1 ||     1
